TOP OF THE 1ST |
Gainesville Guidos batting - Pitching for West Virginia Power : RHP Colm Stewart
|
Pitching: RHP Colm Stewart
|
|
Batting: RHB Noriyori Ine
|
0-0: Ball 1-0: Foul Ball, location: 2F 1-1: Ground out 6-3 (Groundball, 6)
|
Batting: RHB Mitch Thomas
|
0-0: SINGLE (Line Drive, 8LS)
|
Batting: LHB Marcos Villarreal
|
0-0: Ball 1-0: Called Strike Mitch Thomas steals 2nd base 1-1: Ball 2-1: Called Strike 2-2: Ground out 5-3 (Groundball, 56)
|
Batting: LHB Dave Watt
|
0-0: Ball 1-0: Ball 2-0: 2-RUN HOME RUN (Line Drive, 9D), Distance : 373 ft
|
Batting: LHB Ed Hart
|
0-0: Called Strike 0-1: Fly out, F7 (Flyball, 7M)
|
Top of the 1st over - 2 run(s), 2 hit(s), 0 error(s), 0 left on base; Gainesville 2 - West Virginia 0 |
BOTTOM OF THE 1ST |
West Virginia Power batting - Pitching for Gainesville Guidos : LHP Kelly Henry
|
Pitching: LHP Kelly Henry
|
|
Batting: LHB Lúcio Anaya
|
0-0: Ball 1-0: Called Strike 1-1: Ball 2-1: Foul Ball, location: 2F 2-2: Foul Ball, location: 2F 2-2: Strikes out swinging
|
Batting: LHB Bernardo Montés
|
0-0: Ball 1-0: Ball 2-0: Called Strike 2-1: Fly out, F7 (Line Drive, 7LS)
|
Batting: RHB Tyler Baker
|
0-0: Called Strike 0-1: Swinging Strike 0-2: Strikes out looking
|
Bottom of the 1st over - 0 run(s), 0 hit(s), 0 error(s), 0 left on base; Gainesville 2 - West Virginia 0 |
TOP OF THE 2ND |
Gainesville Guidos batting - Pitching for West Virginia Power : RHP Colm Stewart
|
Batting: RHB Iván Moreno
|
0-0: Ball 1-0: Ground out 1-3 (Groundball, 23)
|
Batting: LHB Ed Murray
|
0-0: SINGLE (Groundball, 4MD)
|
Batting: RHB Tetsunori Ito
|
0-0: Ball 1-0: Swinging Strike 1-1: Ball 2-1: Ball 3-1: Base on Balls Ed Murray to second
|
Batting: RHB Ben Morton
|
0-0: Grounds into double play, 1-6-3 (Groundball, 15)
|
Top of the 2nd over - 0 run(s), 1 hit(s), 0 error(s), 1 left on base; Gainesville 2 - West Virginia 0 |
BOTTOM OF THE 2ND |
West Virginia Power batting - Pitching for Gainesville Guidos : LHP Kelly Henry
|
Batting: RHB Ben Dougherty
|
0-0: Ball 1-0: Foul Ball, location: 2F 1-1: Ball 2-1: Ball 3-1: TRIPLE (Line Drive, 8RXD)
|
Batting: SHB Edward Bartlett
|
0-0: Swinging Strike 0-1: Ball 1-1: Ground out 1-3 (Groundball, 25)
|
Batting: RHB Alden Isenhood
|
0-0: Ball 1-0: Foul Ball, location: 2F 1-1: Swinging Strike 1-2: Ball 2-2: Ball 3-2: Strikes out looking
|
Batting: RHB Will Lott
|
0-0: Ball 1-0: Ball 2-0: Called Strike 2-1: Ball 3-1: Swinging Strike 3-2: Base on Balls
|
Batting: RHB Len Burke
|
0-0: Fly out, F8 (Flyball, 8RM)
|
Bottom of the 2nd over - 0 run(s), 1 hit(s), 0 error(s), 2 left on base; Gainesville 2 - West Virginia 0 |
TOP OF THE 3RD |
Gainesville Guidos batting - Pitching for West Virginia Power : RHP Colm Stewart
|
Batting: RHB Noriyori Ine
|
0-0: Ball 1-0: Foul Ball, location: 2F 1-1: Called Strike 1-2: Ball 2-2: Foul Ball, location: 2F 2-2: Ball 3-2: Foul Ball, location: 2F 3-2: Fly out, F9 (Flyball, 9LS)
|
Batting: RHB Mitch Thomas
|
0-0: Foul Ball, location: 2F 0-1: Hit by Pitch
|
Batting: LHB Marcos Villarreal
|
0-0: Ball 1-0: Swinging Strike 1-1: Ball 2-1: Called Strike 2-2: Ball 3-2: Foul Ball, location: 2F 3-2: Foul Ball, location: 2F 3-2: Base on Balls Mitch Thomas to second
|
Batting: LHB Dave Watt
|
0-0: Called Strike 0-1: Swinging Strike 0-2: Strikes out swinging
|
Batting: LHB Ed Hart
|
0-0: Called Strike 0-1: Ball 1-1: Swinging Strike 1-2: Strikes out swinging
|
Top of the 3rd over - 0 run(s), 0 hit(s), 0 error(s), 2 left on base; Gainesville 2 - West Virginia 0 |
BOTTOM OF THE 3RD |
West Virginia Power batting - Pitching for Gainesville Guidos : LHP Kelly Henry
|
Batting: RHB Gonzalo Gil
|
0-0: Foul Ball, location: 2F 0-1: Called Strike 0-2: Foul Ball, location: 2F 0-2: Ball 1-2: Ball 2-2: Foul Ball, location: 2F 2-2: Strikes out swinging
|
Batting: LHB Lúcio Anaya
|
0-0: Foul Ball, location: 2F 0-1: Ball 1-1: Called Strike 1-2: Strikes out looking
|
Batting: LHB Bernardo Montés
|
0-0: Ball 1-0: Ball 2-0: Foul Ball, location: 2F 2-1: Foul Ball, location: 2F 2-2: Ground out 4-3 (Groundball, 4)
|
Bottom of the 3rd over - 0 run(s), 0 hit(s), 0 error(s), 0 left on base; Gainesville 2 - West Virginia 0 |
TOP OF THE 4TH |
Gainesville Guidos batting - Pitching for West Virginia Power : RHP Colm Stewart
|
Batting: RHB Iván Moreno
|
0-0: Swinging Strike 0-1: Swinging Strike 0-2: Ball 1-2: Ball 2-2: Ball 3-2: Base on Balls
|
Batting: LHB Ed Murray
|
0-0: Ball 1-0: Fly out, F8 (Flyball, 8RM)
|
Batting: RHB Tetsunori Ito
|
0-0: Ball Reached via error on a dropped throw, E1 Iván Moreno to second
|
Batting: RHB Ben Morton
|
0-0: Called Strike 0-1: Swinging Strike 0-2: Foul Ball, location: 2F 0-2: Foul Ball, location: 2F 0-2: Ball 1-2: Fly out, F7 (Flyball, 78M)
|
Batting: RHB Noriyori Ine
|
0-0: Ball 1-0: Foul Ball, location: 2F 1-1: Foul Ball, location: 2F Pickoff Throw to Second - Out!
|
Top of the 4th over - 0 run(s), 0 hit(s), 1 error(s), 0 left on base; Gainesville 2 - West Virginia 0 |
BOTTOM OF THE 4TH |
West Virginia Power batting - Pitching for Gainesville Guidos : LHP Kelly Henry
|
Batting: RHB Tyler Baker
|
0-0: Called Strike 0-1: SOLO HOME RUN (Flyball, 7D), Distance : 375 ft
|
Batting: RHB Ben Dougherty
|
0-0: Called Strike 0-1: Ball 1-1: DOUBLE (Flyball, 78XD)
|
Batting: SHB Edward Bartlett
|
0-0: Called Strike 0-1: Ball 1-1: Ball 2-1: Ground out 5-3 (Groundball, 5)
|
Batting: RHB Alden Isenhood
|
0-0: Called Strike 0-1: Ball 1-1: Ground out 1-3 (Groundball, 13) Ben Dougherty to third
|
Batting: RHB Will Lott
|
0-0: Ball 1-0: Called Strike 1-1: Fly out, F6 (Line Drive, 6)
|
Bottom of the 4th over - 1 run(s), 2 hit(s), 0 error(s), 1 left on base; Gainesville 2 - West Virginia 1 |
TOP OF THE 5TH |
Gainesville Guidos batting - Pitching for West Virginia Power : RHP Colm Stewart
|
Batting: RHB Noriyori Ine
|
0-0: Ball 1-0: Ball 2-0: Ball 3-0: Base on Balls
|
Batting: RHB Mitch Thomas
|
0-0: Called Strike 0-1: Fly out, F8 (Flyball, 8LS)
|
Batting: LHB Marcos Villarreal
|
0-0: Foul Ball, location: 2F 0-1: Called Strike 0-2: Foul Ball, location: 2F 0-2: Ball 1-2: Strikes out swinging
|
Batting: LHB Dave Watt
|
0-0: Ball 1-0: Called Strike 1-1: Ball Noriyori Ine steals 2nd base 2-1: Swinging Strike 2-2: Foul Ball, location: 2F 2-2: Ball 3-2: Base on Balls
|
Batting: LHB Ed Hart
|
0-0: Foul Ball, location: 2F 0-1: Ball 1-1: Ball 2-1: Foul Ball, location: 2F 2-2: Ball 3-2: Base on Balls Noriyori Ine to third Dave Watt to second
|
Batting: RHB Iván Moreno
|
0-0: Fielders Choice at 2nd, U4 (Groundball, 4M)
|
Top of the 5th over - 0 run(s), 0 hit(s), 0 error(s), 3 left on base; Gainesville 2 - West Virginia 1 |
BOTTOM OF THE 5TH |
West Virginia Power batting - Pitching for Gainesville Guidos : LHP Kelly Henry
|
Batting: RHB Len Burke
|
0-0: Ball 1-0: Foul Ball, location: 2F 1-1: Ball 2-1: SINGLE (Line Drive, 7S)
|
Batting: RHB Gonzalo Gil
|
0-0: Ball 1-0: Ball 2-0: Called Strike 2-1: Called Strike 2-2: Foul Ball, location: 2F 2-2: Foul Ball, location: 2F 2-2: Ground out 5-3 (Groundball, 5S) Len Burke to second
|
Batting: LHB Lúcio Anaya
|
0-0: Ball 1-0: Foul Ball, location: 2F 1-1: Ball 2-1: Ground out 3-1 (Groundball, 34) Len Burke to third
|
Batting: LHB Bernardo Montés
|
0-0: Fly out, F6 (Popup, 6MD)
|
Bottom of the 5th over - 0 run(s), 1 hit(s), 0 error(s), 1 left on base; Gainesville 2 - West Virginia 1 |
TOP OF THE 6TH |
Gainesville Guidos batting - Pitching for West Virginia Power : RHP Colm Stewart
|
Batting: LHB Ed Murray
|
0-0: Called Strike 0-1: Ground out 4-3 (Groundball, 4M)
|
Batting: RHB Tetsunori Ito
|
0-0: Called Strike 0-1: SINGLE (Line Drive, 89S)
|
Pitching: RHP Brad Flores
|
|
Batting: RHB Ben Morton
|
0-0: DOUBLE (Line Drive, 7LS) Tetsunori Ito to third
|
Batting: RHB Noriyori Ine
|
0-0: Called Strike 0-1: Ball 1-1: Foul Ball, location: 2F 1-2: Strikes out swinging
|
Batting: RHB Mitch Thomas
|
0-0: Ground out 6-3 (Groundball, 6)
|
Top of the 6th over - 0 run(s), 2 hit(s), 0 error(s), 2 left on base; Gainesville 2 - West Virginia 1 |
BOTTOM OF THE 6TH |
West Virginia Power batting - Pitching for Gainesville Guidos : LHP Kelly Henry
|
Batting: RHB Tyler Baker
|
0-0: Ball 1-0: DOUBLE (Line Drive, 9LD)
|
Batting: RHB Ben Dougherty
|
0-0: Ball 1-0: Ball 2-0: Foul Ball, location: 2F 2-1: TRIPLE (Line Drive, 8LM) Tyler Baker scores
|
Batting: SHB Edward Bartlett
|
0-0: Fly out, F7 (Flyball, 78M) Runner from 3rd tags up, SCORES, throw made
|
Batting: RHB Alden Isenhood
|
0-0: Ball 1-0: Ball 2-0: Fly out, F9 (Flyball, 9LM)
|
Batting: RHB Will Lott
|
0-0: Ground out 1-3 (Groundball, 13)
|
Bottom of the 6th over - 2 run(s), 2 hit(s), 0 error(s), 0 left on base; Gainesville 2 - West Virginia 3 |
TOP OF THE 7TH |
Gainesville Guidos batting - Pitching for West Virginia Power : RHP Brad Flores
|
Batting: LHB Marcos Villarreal
|
0-0: DOUBLE (Line Drive, 7LD)
|
Batting: LHB Dave Watt
|
0-0: Ball 1-0: Foul Ball, location: 2F 1-1: Ball 2-1: Ball 3-1: Base on Balls
|
Batting: LHB Ed Hart
|
0-0: Fly out, F9 (Flyball, 9S)
|
Pinch Hitting: RHB Pedro Mata
|
0-0: Foul Ball, location: 2F 0-1: Ball 1-1: Foul Ball, location: 2F 1-2: Ball 2-2: Ball 3-2: SINGLE (Line Drive, 8LS) Marcos Villarreal to third Dave Watt to second Runner from 3rd tries for Home, SAFE, throw made home Dave Watt to third Pedro Mata to second
|
Batting: LHB Ed Murray
|
0-0: Intentional Walk
|
Pinch Hitting: LHB Mark Owens
|
0-0: Ball 1-0: Called Strike 1-1: Ball 2-1: Fly out, F7 (Flyball, 7LM) Runner from 3rd tags up, SCORES, no throw
|
Batting: RHB Ben Morton
|
0-0: Ground out 5-3 (Groundball, 5S)
|
Top of the 7th over - 2 run(s), 2 hit(s), 0 error(s), 2 left on base; Gainesville 4 - West Virginia 3 |
BOTTOM OF THE 7TH |
West Virginia Power batting - Pitching for Gainesville Guidos : LHP Kelly Henry
|
Pitching: RHP Juan Mora
|
|
Now at 2B: Mark Owens
|
|
Now at 3B: José Ortega
|
|
Batting: RHB Len Burke
|
0-0: Ball 1-0: Foul Ball, location: 2F 1-1: Foul Ball, location: 2F 1-2: SINGLE (Flyball, 6MD)
|
Batting: RHB Gonzalo Gil
|
0-0: Ball 1-0: Foul Ball, location: 2F 1-1: Bunted foul 1-2: Ball 2-2: Foul Ball, location: 2F 2-2: Ball 3-2: Ground out 5-3 (Groundball, 5S) Len Burke to second
|
Pinch Hitting: RHB Juan Vareas
|
0-0: Swinging Strike 0-1: Ball 1-1: Called Strike 1-2: Strikes out swinging
|
Batting: LHB Bernardo Montés
|
0-0: Ball 1-0: Ground out 4-3 (Groundball, 4M)
|
Bottom of the 7th over - 0 run(s), 1 hit(s), 0 error(s), 1 left on base; Gainesville 4 - West Virginia 3 |
TOP OF THE 8TH |
Gainesville Guidos batting - Pitching for West Virginia Power : RHP Brad Flores
|
Now in RF: Juan Vareas
|
|
Batting: RHB Noriyori Ine
|
0-0: Ball 1-0: Ball 2-0: Foul Ball, location: 2F 2-1: SINGLE (Line Drive, 34D)
|
Batting: RHB Mitch Thomas
|
|
Pinch Hitting: RHB Kurt Walter
|
0-0: Reached on error, E1 (Groundball, 15) Noriyori Ine to third
|
Batting: LHB Marcos Villarreal
|
0-0: Foul Ball, location: 2F 0-1: Foul Ball, location: 2F 0-2: Ball 1-2: Foul Ball, location: 2F 1-2: Ball 2-2: Ground out 3-1 (Groundball, 34)
|
Batting: LHB Dave Watt
|
0-0: Intentional Walk
|
Pitching: RHP Rafael Trujillo
|
|
Batting: LHB Ed Hart
|
0-0: Ball 1-0: Foul Ball, location: 2F 1-1: Ball 2-1: Ball 3-1: Foul Ball, location: 2F 3-2: Strikes out swinging
|
Batting: RHB José Ortega
|
0-0: Called Strike 0-1: Swinging Strike 0-2: Fly out, F8 (Flyball, 8LM)
|
Top of the 8th over - 0 run(s), 1 hit(s), 1 error(s), 3 left on base; Gainesville 4 - West Virginia 3 |
BOTTOM OF THE 8TH |
West Virginia Power batting - Pitching for Gainesville Guidos : RHP Juan Mora
|
Now at SS: Eddy Jefferson
|
|
Batting: RHB Tyler Baker
|
0-0: Ball 1-0: Called Strike 1-1: Called Strike 1-2: Ball 2-2: Foul Ball, location: 2F 2-2: Foul Ball, location: 2F 2-2: Ball 3-2: Strikes out swinging
|
Batting: RHB Ben Dougherty
|
0-0: Ball 1-0: Ball 2-0: Reached on error, E6 (Groundball, 6S)
|
Pitching: LHP Mike Scott
|
|
Pinch Runner at 1st Alonzo Herrera:
|
|
Batting: SHB Edward Bartlett
|
0-0: Ball 1-0: Ball 2-0: Fly out, F1 (Line Drive, 13)
|
Batting: RHB Alden Isenhood
|
0-0: SINGLE (Line Drive, 4MD) Alonzo Herrera to second
|
Batting: RHB Will Lott
|
0-0: Ball 1-0: Ball 2-0: Ball 3-0: Called Strike 3-1: Swinging Strike 3-2: Foul Ball, location: 2F 3-2: Strikes out swinging
|
Bottom of the 8th over - 0 run(s), 1 hit(s), 1 error(s), 2 left on base; Gainesville 4 - West Virginia 3 |
TOP OF THE 9TH |
Gainesville Guidos batting - Pitching for West Virginia Power : RHP Rafael Trujillo
|
Now in CF: Alonzo Herrera
|
|
Batting: LHB Ed Murray
|
0-0: Ball 1-0: Ground out 4-3 (Groundball, 4)
|
Batting: LHB Mark Owens
|
0-0: Called Strike 0-1: Ball 1-1: Swinging Strike 1-2: Ball 2-2: Ball 3-2: Strikes out swinging
|
Batting: RHB Ben Morton
|
0-0: Swinging Strike 0-1: Swinging Strike 0-2: Ball 1-2: Strikes out looking
|
Top of the 9th over - 0 run(s), 0 hit(s), 0 error(s), 0 left on base; Gainesville 4 - West Virginia 3 |
BOTTOM OF THE 9TH |
West Virginia Power batting - Pitching for Gainesville Guidos : LHP Mike Scott
|
Pitching: RHP Lance Sanders
|
|
Now at C: Ramón Durán
|
|
Batting: RHB Len Burke
|
0-0: Called Strike 0-1: Swinging Strike 0-2: Ball 1-2: Ball 2-2: Strikes out swinging
|
Batting: RHB Gonzalo Gil
|
0-0: Ball 1-0: Ball 2-0: Ball 3-0: Base on Balls
|
Batting: RHB Juan Vareas
|
0-0: Foul Ball, location: 2F 0-1: Ground out 5-3 (Groundball, 56) Gonzalo Gil to second
|
Batting: LHB Bernardo Montés
|
0-0: Ball 1-0: Ground out 6-3 (Groundball, 6)
|
Bottom of the 9th over - 0 run(s), 0 hit(s), 0 error(s), 1 left on base; Gainesville 4 - West Virginia 3 |
|